 Dungeon Crawl Stone Soup version 0.29-a0-369-gd956c00756 (webtiles) character file.

Game seed: 1404280173367563407

38 sammy202020 the Skirmisher (level 3, -2/29 HPs)
             Began as a Demonspawn Berserker on May 1, 2022.
             Was a Believer of Trog.
             Slain by an unseen horror (8 damage)
             ... on level 1 of the Abyss.
             The game lasted 00:02:24 (2340 turns).

sammy202020 the Skirmisher (Demonspawn Berserker)   Turns: 2340, Time: 00:02:24

Health: -2/29      AC: 10    Str: 17    XL:     3   Next: 25%
Magic:  3/3        EV:  8    Int: 10    God:    Trog [**....]
Gold:   76         SH:  0    Dex: 12    Spells: 2/2 levels left

rFire   . . .      SeeInvis .   a - +0 hand axe
rCold   . . .      Faith    .   (no shield)
rNeg    . . .      Spirit   .   c - +0 chain mail
rPois   .          Reflect  .   (no helmet)
rElec   .          Harm     .   (no cloak)
rCorr   .          Rampage  +   (no gloves)
Will    .....                   b - +1 pair of boots {rampage}
Stlth   ..........              (no amulet)
HPRegen 0.09/turn               (no ring)
MPRegen 0.08/turn               (no ring)

@: no status effects
A: powered by pain 1, sturdy frame 1
a: Renounce Religion, Berserk, Trog's Hand


You were on level 1 of the Abyss.
You worshipped Trog.
Trog was pleased with you.
You visited 1 branch of the dungeon, and saw 2 of its levels.
You visited the Abyss 1 time.

You collected 76 gold pieces.

Inventory:

Hand Weapons
 a - a +0 hand axe (weapon)
Armour
 b - a +1 pair of boots of rampaging (worn)
 c - a +0 chain mail (worn)
Jewellery
 l - a ring of poison resistance
Scrolls
 e - 4 scrolls of identify {unknown}
 f - a scroll of acquirement {unknown}
 g - a scroll of enchant weapon {unknown}
 h - a scroll of fog {unknown}
 i - a scroll of fear {unknown}
 j - 2 scrolls of immolation {unknown}
 k - a scroll of blinking {unknown}
 m - a scroll of teleportation {unknown}
Potions
 d - 2 potions of curing {unknown}


   Skills:
 * Level 3.5 Fighting
 * Level 3.1 Axes
 + Level 2.1 Armour
 + Level 2.1 Dodging


You had 2 spell levels left.
You didn't know any spells.
Your spell library was empty.

Dungeon Overview and Level Annotations

Branches:
Dungeon (2/15)

Altars:

Annotations:
D:2 Crazy Yiuf


Innate Abilities, Weirdness & Mutations

You sometimes gain a little power by taking damage.
Your movements are slightly less encumbered by armour. (ER -2)


Message History

No target in view!
No target in view!
No target in view!
No target in view!
Key pressed, stopping explore.
There is a stone staircase leading down here.
Crazy Yiuf shouts!
Could not explore, unopened runed door.
No reachable target in view!
You open the door.
A red film seems to cover your vision as you go berserk!
You feel yourself moving faster!
You feel mighty!
Crazy Yiuf hits you with a +4 quarterstaff of chaos!
You are cast into the Abyss!
This branch contains the abyssal rune of Zot.
You feel a strong urge to attack something.
There is an open translucent door here.
You feel your anger nearly subside.
You are no longer berserk.
You are exhausted.
You feel yourself slow down.
You feel yourself speed up.
You recover from your berserk rage.
Key pressed, stopping explore.
HP restored.
There is a strange disturbance nearby!
There is a strange disturbance nearby!
There is a strange disturbance nearby!
There is a strange disturbance nearby!
No target in view!
Something hits you.
Deactivating autopickup; reactivate with Ctrl-A.
Something hits you but does no damage. Something hits you but does no damage.
Something hits you! Something hits you but does no damage. Something hits you.
Something hits you!
* * * LOW HITPOINT WARNING * * *
Something hits you!
You die...

. .. # # .#
. # . #. .#
#..## .####
##.#.### ..#
#.###.#...#
##.......#
#....#...#
##.#@..# #
#......# .#
.####.######
## ##.#....#
#.....#
#..###.....
#...# .##
#.....#
###.#.#


There were no monsters in sight!

Vanquished Creatures
  A dart slug (D:1)
  3 endoplasms
  A giant cockroach (D:2)
  4 goblins
  4 hobgoblins (D:1)
  3 quokkas (D:1)
  6 ball pythons (D:1)
  5 bats
  4 frilled lizards
  A kobold (D:1)
  3 rats
35 creatures vanquished.

Notes
Turn   | Place    | Note
-------+----------+-------------------------------------------
     0 | D:1      | sammy202020 the Demonspawn Berserker began the quest for
                  | the Orb.
     0 | D:1      | Reached XP level 1. HP: 18/18 MP: 1/1
   207 | D:1      | Gained mutation: Your movements are slightly less
                  | encumbered by armour. (ER -2) [demonic ancestry]
   207 | D:1      | Reached XP level 2. HP: 20/24 MP: 2/2
   249 | D:1      | Found a faded altar of an unknown god.
   445 | D:1      | You fall into a shaft and drop 1 floor!
   705 | D:1      | Reached ** piety under Trog
   851 | D:1      | Gained mutation: You sometimes gain a little power by
                  | taking damage. [demonic ancestry]
   851 | D:1      | Reached XP level 3. HP: 29/29 MP: 3/3
  1672 | D:2      | Found a runed translucent door.
  1673 | D:2      | Noticed Crazy Yiuf
  2248 | D:2      | Cast into level 1 of the Abyss (Crazy Yiuf)
  2340 | Abyss:1  | Slain by an unseen horror

Illustrated notes

Levels and vault maps discovered:
D:1:      co_arrival_random_square_maze, layout_basic,
          nicolae_ecumenical_snake_handling, grunt_decor_fettered, minivault_24,
          nrook_uturn
D:2:      layout_basic, grunt_decor_junction, hangedman_decor_riveting,
          chequers_hall_statues_y, uniq_crazy_yiuf_cottage
Abyss:1:  base:
D:2

Skill      XL: |  1  2 |
---------------+-------+-----
Armour         | 2 |  2.1
Axes           | 3 |  3.1
Dodging        | 2 |  2.1
Fighting       | |  3.5

Action                   || total
-------------------------++-------
Melee: Hand axe          ||    77
Invok: Berserk           ||     1
 Stab: Sleeping          ||     1
Armor: Animal skin       ||     3
       Chain mail        ||    39
Dodge: Dodged            ||    39

Table legend: (Time is in decaauts)
 A = Elapsed time spent in this place.
 B = Non-inter-level travel time spent in this place.
 C = Inter-level travel time spent in this place.
 D = Time resting spent in this place.
 E = Time spent auto-exploring this place.
 F = Levels seen in this place.
 G = Mean time per level.
                   A        B        C        D        E       F      G
               +--------+--------+--------+--------+--------+-----+--------+
         Total |   2364 |   2266 |     98 |      0 |   1972 |   3 |  788.0 |
       Dungeon |   2260 |   2162 |     98 |      0 |   1892 |   2 | 1130.0 |
         Abyss |    104 |    104 |      0 |      0 |     80 |   1 |  104.0 |
               +--------+--------+--------+--------+--------+-----+--------+

Top non-repeatable levels by time:
     D:1: 1298 daAuts
     D:2: 961 daAuts
 Abyss:1: 104 daAuts
